 Dungeon Crawl Stone Soup version 0.28.0-53-g5a82cb258f (webtiles) character file.

Game seed: 15234092370303045539

81 Sin92 the Skirmisher (level 4, -3/35 HPs)
             Began as a Demonspawn Fighter on Aug 5, 2022.
             Slain by Pikel
             ... wielding a +1 whip of flaming
              (11 damage)
             ... on level 4 of the Dungeon.
             The game lasted 00:02:36 (3312 turns).

Sin92 the Skirmisher (Demonspawn Fighter)           Turns: 3312, Time: 00:02:37

Health: -3/35      AC:  9    Str: 16    XL:     4   Next: 20%
Magic:  4/4        EV:  6    Int:  9    God:
Gold:   153        SH:  9    Dex: 15    Spells: 3/3 levels left

rFire   . . .      SeeInvis .   a - +1 long sword
rCold   . . .      Faith    .   c - +0 buckler
rNeg    . . .      Spirit   .   k - +0 chain mail
rPois   .          Reflect  .   (no helmet)
rElec   .          Harm     .   (no cloak)
rCorr   .          Rampage  .   (no gloves)
Will    .....                   (no boots)
Stlth   ..........              (no amulet)
HPRegen 0.11/turn               (no ring)
MPRegen 0.09/turn               (no ring)

@: mighty
A: large bone plates 1, demonic magic 2
a: no special abilities


You were on level 4 of the Dungeon.
You visited 1 branch of the dungeon, and saw 4 of its levels.

You collected 153 gold pieces.

Inventory:

Hand Weapons
 a - a +1 long sword (weapon)
Missiles
 j - a throwing net (quivered)
Armour
 b - a +0 scale mail
 c - a +0 buckler (worn)
 k - a +0 chain mail (worn)
Scrolls
 f - a scroll of identify
 g - a scroll of fear {unknown}
 h - a scroll of amnesia {unknown}
Potions
 e - a potion of mutation
 l - a potion of resistance {unknown}


   Skills:
 + Level 3.4 Fighting
 * Level 2.7 Long Blades
 + Level 3.0 Armour
 + Level 1.1 Dodging
 + Level 3.1 Shields


You had 3 spell levels left.
You didn't know any spells.
Your spell library contained the following spells:

 Spells                   Type           Power      Damage    Failure   Level
 Stone Arrow              Conj/Erth      0%         3d7       100%        3
 Animate Armour           Summ/Erth      0%         N/A       100%        4
 Lehudib's Crystal Spear  Conj/Erth      0%         10d2      100%        8


Dungeon Overview and Level Annotations

Branches:
Dungeon (4/15)
 Temple: D:4-7

Altars:
Cheibriados
Uskayaw

Shops:
D:1 !

Annotations:
D:4 Pikel


Innate Abilities, Weirdness & Mutations

You are partially covered in large bone plates. (SH +4)
Spells you cast may paralyse nearby enemies.


Message History

You slash Pikel!
Pikel is moderately wounded.
You block the lemure's attack.
Pikel drinks a potion.
Pikel goes berserk!
The lemure hits you. Pikel barely misses you.
You closely miss Pikel.
Pikel is moderately wounded.
Pikel hits you with a +1 whip of flaming.
Pikel burns you.
Pikel hits you with a +1 whip of flaming.
* * * LOW HITPOINT WARNING * * *
Pikel burns you.
* * * LOW HITPOINT WARNING * * *
It was a potion of heal wounds.
You feel much better. You block Pikel's attack.
You hit Pikel.
Pikel is heavily wounded.
You block Pikel's attack. Pikel barely misses you.
You slash Pikel!
Pikel is heavily wounded.
You block Pikel's attack. Pikel hits you but does no damage.
You hit Pikel.
Pikel is severely wounded.
You block Pikel's attack. Pikel barely misses you.
You closely miss Pikel.
Pikel is severely wounded.
You block Pikel's attack.
Pikel hits you with a +1 whip of flaming.
Pikel burns you.
You closely miss Pikel.
Pikel is severely wounded.
You block Pikel's attack.
Pikel hits you with a +1 whip of flaming!
Pikel burns you.
You slash Pikel!
Pikel is almost dead.
Pikel hits you with a +1 whip of flaming!
Pikel burns you.
* * * LOW HITPOINT WARNING * * *
Pikel hits you with a +1 whip of flaming!
You die...

..?..#
##^####.....##
........#####
#######.#
#########.#
#.....<..(#
#.#########


You could see Pikel (berserk) and 2 lemures.

Vanquished Creatures
  2 adders
  A worm (D:2)
  4 dart slugs
  7 bats
  6 endoplasms
  3 giant cockroaches
  5 goblins
  4 hobgoblins
  4 quokkas
  3 ball pythons
  2 frilled lizards
  6 kobolds
  2 rats
49 creatures vanquished.

Notes
Turn   | Place    | Note
-------+----------+-------------------------------------------
     0 | D:1      | Sin92 the Demonspawn Fighter began the quest for the Orb.
     0 | D:1      | Reached XP level 1. HP: 18/18 MP: 1/1
    17 | D:1      | Found a faded altar of an unknown god.
   126 | D:1      | Found Nawaaf's Distillery.
   214 | D:1      | Gained mutation: Spells you cast may paralyse adjacent
                  | enemies. [demonic ancestry]
   214 | D:1      | Reached XP level 2. HP: 8/24 MP: 2/2
  1610 | D:2      | Gained mutation: You are partially covered in large bone
                  | plates. (SH +4) [demonic ancestry]
  1610 | D:2      | Reached XP level 3. HP: 29/29 MP: 3/3
  2736 | D:3      | Reached skill level 1 in Dodging
  2799 | D:3      | Found a hide-covered altar of Uskayaw.
  2840 | D:3      | Gained mutation: Spells you cast may paralyse nearby
                  | enemies. [demonic ancestry]
  2840 | D:3      | Reached XP level 4. HP: 31/35 MP: 4/4
  3281 | D:4      | Noticed a lemure
  3282 | D:4      | Noticed a lemure
  3282 | D:4      | Noticed a lemure
  3283 | D:4      | Noticed Pikel
  3283 | D:4      | Noticed a lemure
  3296 | D:4      | Found a snail-covered altar of Cheibriados.
  3312 | D:4      | Slain by Pikel

Illustrated notes

Levels and vault maps discovered:
D:1:      psy_arrival_terrarium, layout_basic, serial_forest,
          infiniplex_forest_straight_2, infiniplex_forest_clump_large,
          infiniplex_forest_clump_double, infiniplex_forest_side_room,
          infiniplex_forest_clump_small, infiniplex_forest_lined_corner,
          infiniplex_forest_corner_2, infiniplex_forest_corner_1,
          ebering_ecumenical_altar_hall, serial_shops, shop_fountains,
          chequers_jeans
D:2:      layout_basic
D:3:      layout_rooms, mainiacjoe_overflow_concentric_impassable,
          nicolae_overflow_hidden_temple, kennysheep_nub
D:4:      layout_loops_ring, mainiacjoe_overflow_brackets, lemuel_tele_altar,
          nicolae_vehumet_altar_sigil, minmay_pentangle, uniq_ijyb, uniq_edmund,
          uniq_pikel

Skill      XL: |  1  2  3 |
---------------+----------+-----
Long Blades    | 2 |  2.7
Shields        | 3 |  3.1
Armour         | 3 |  3.0
Dodging        | 1 |  1.1
Fighting       | |  3.4

Action                   |  1- 3 |  4- 6 || total
-------------------------+-------+-------++-------
Melee: Long sword        |   145 |    25 ||   170
  Use: Scroll            |     4 |       ||     4
       Potion            |       |     2 ||     2
Armor: Scale mail        |    42 |       ||    42
       Chain mail        |    16 |    11 ||    27
Dodge: Dodged            |    59 |     9 ||    68
Block: Buckler           |    57 |    14 ||    71
